 Dungeon Crawl Stone Soup version 0.29-a0-669-gc25378c (webtiles) character file.

Game seed: 8452659230144870873

30 Dawnplanks the Bolt Thrower (level 3, -5/28 HPs)
             Began as a Formicid Hunter on June 23, 2022.
             Slain by Crazy Yiuf
             ... wielding a +2 quarterstaff of chaos
              (9 damage)
             ... on level 2 of the Dungeon.
             The game lasted 00:01:40 (1108 turns).

Dawnplanks the Bolt Thrower (Formicid Hunter)       Turns: 1108, Time: 00:01:41

Health: -5/28      AC:  3    Str: 15    XL:     3   Next: 35%
Magic:  3/3        EV: 12    Int:  8    God:
Gold:   97         SH:  0    Dex: 19    Spells: 2/2 levels left

rFire   . . .      SeeInvis +   a - +1 hand crossbow
rCold   . . .      Faith    .   (no shield)
rNeg    . . .      Spirit   .   b - +0 leather armour
rPois   .          Reflect  .   (helmet unavailable)
rElec   .          Harm     .   (no cloak)
rCorr   .          Rampage  .   (no gloves)
Will    .....                   (no boots)
Stlth   ++........              (no amulet)
HPRegen 0.09/turn               (no ring)
MPRegen 0.08/turn               (no ring)

@: mighty
A: permanent stasis, dig shafts and tunnels, antennae 3, four strong arms
a: Dig, Shaft Self


You were on level 2 of the Dungeon.
You visited 1 branch of the dungeon, and saw 2 of its levels.

You collected 97 gold pieces.

Inventory:

Hand Weapons
 a - a +1 hand crossbow (weapon)
Armour
 b - a +0 leather armour (worn)
Scrolls
 c - 2 scrolls of immolation
 d - a scroll of fog {unknown}
 g - 3 scrolls of identify {unknown}
 h - a scroll of teleportation {unknown}
 i - a scroll of noise {unknown}
 k - a scroll of enchant armour {unknown}
Potions
 e - a potion of might {unknown}
 f - 2 potions of curing {unknown}
 j - a potion of resistance {unknown}


   Skills:
 + Level 2.3 Fighting
 + Level 4.8 Crossbows
 + Level 0.1 Armour
 + Level 1.8 Dodging
 + Level 1.2 Stealth


You had 2 spell levels left.
You didn't know any spells.
Your spell library was empty.

Dungeon Overview and Level Annotations

Branches:
Dungeon (2/15)

Altars:

Annotations:
D:2 Crazy Yiuf


Innate Abilities, Weirdness & Mutations

You cannot be hasted, slowed, berserked, paralysed or teleported.
You can dig through walls and to a lower floor.
You have a pair of large antennae on your head. (SInv)
Your four strong arms can wield two-handed weapons with a shield.


Message History

You sense a monster nearby.
Press: ? - help, v - describe, . - travel
Here: Crazy Yiuf, wielding a +2 quarterstaff of chaos and wearing a +2 cloak (fire blocked by a runed translucent door)
The floor.
Unknown command.
You open the door. You shoot a bolt. The bolt hits Crazy Yiuf.
Crazy Yiuf is lightly wounded.
Crazy Yiuf hits you with a +2 quarterstaff of chaos!
Your stasis prevents you from being slowed.
You shoot a bolt. The bolt hits Crazy Yiuf.
Crazy Yiuf is moderately wounded.
Crazy Yiuf sings, "Trees, trees, trees, circus!"
Crazy Yiuf hits you with a +2 quarterstaff of chaos.
You feel very mighty all of a sudden. Crazy Yiuf misses you.
You are too injured to fight recklessly!
You are too injured to fight recklessly!
Shoot: a) +1 hand crossbow
Press: ? - help, Q - select action, (/) - cycle Shift-Dir - straight line, f/p - Crazy Yiuf
Aim: Crazy Yiuf, wielding a +2 quarterstaff of chaos and wearing a +2 cloak (moderately wounded, 69% to hit)
You shoot a bolt. The bolt closely misses Crazy Yiuf.
Crazy Yiuf grits, "Adder!"
Crazy Yiuf barely misses you.
Shoot: a) +1 hand crossbow
Press: ? - help, Q - select action, (/) - cycle Shift-Dir - straight line, f/p - Crazy Yiuf
Aim: Crazy Yiuf, wielding a +2 quarterstaff of chaos and wearing a +2 cloak (moderately wounded, 69% to hit)
You shoot a bolt. The bolt hits Crazy Yiuf.
Crazy Yiuf is moderately wounded.
Crazy Yiuf hits you with a +2 quarterstaff of chaos!
* * * LOW HITPOINT WARNING * * *
Crazy Yiuf draws strength from your wounds!
Shoot: a) +1 hand crossbow
Press: ? - help, Q - select action, (/) - cycle Shift-Dir - straight line, f/p - Crazy Yiuf
Aim: Crazy Yiuf, wielding a +2 quarterstaff of chaos and wearing a +2 cloak (moderately wounded, 69% to hit)
You shoot a bolt. The bolt hits Crazy Yiuf!
Crazy Yiuf is severely wounded.
Crazy Yiuf laughs, "Snoogle!"
Crazy Yiuf hits you with a +2 quarterstaff of chaos!
You die...

#....#
#.#
##..##
#.#
♣PP.P♣
#.#
♣♣.P.♣
#.#
♣♣.♣♣
#.#
♣♣.♣
#.#
♣.♣♣
#..
♣♣.♣
#..
♣@♣♣
#..#
#g#
#.##
...
#(#
#...#
#)..#
#####


You could see Crazy Yiuf.

Vanquished Creatures
  A worm (D:2)
  2 dart slugs
  A bat skeleton (D:2)
  An endoplasm (D:2)
  3 goblins
  4 jackals (D:1)
  2 kobolds
  2 ball pythons (D:1)
  3 bats (D:2)
  2 frilled lizards (D:1)
  A jackal skeleton (D:2)
  A rat (D:1)
23 creatures vanquished.

Notes
Turn   | Place    | Note
-------+----------+-------------------------------------------
     0 | D:1      | Dawnplanks the Formicid Hunter began the quest for the Orb.
     0 | D:1      | Reached XP level 1. HP: 16/16 MP: 1/1
    25 | D:1      | Reached XP level 2. HP: 21/22 MP: 2/2
   256 | D:1      | You fall into a shaft and drop 1 floor!
   521 | D:1      | Reached XP level 3. HP: 27/27 MP: 3/3
   969 | D:2      | Found a runed translucent door.
   970 | D:2      | Noticed Crazy Yiuf
  1108 | D:2      | Slain by Crazy Yiuf

Illustrated notes

Levels and vault maps discovered:
D:1:      minmay_arrival_plants_in_alcoves, layout_basic
D:2:      layout_loops_corners, serial_undead, serial_undead_a, serial_undead_b,
          serial_undead_c, serial_undead_e, serial_undead_e, serial_undead_f,
          uniq_natasha, uniq_crazy_yiuf_cottage

Action                   || total
-------------------------++-------
 Fire: Hand crossbow     ||    61
 Abil: Dig               ||     4
Armor: Leather armour    ||     9
Dodge: Dodged            ||    27

Table legend: (Time is in decaauts)
 A = Elapsed time spent in this place.
 B = Non-inter-level travel time spent in this place.
 C = Inter-level travel time spent in this place.
 D = Time resting spent in this place.
 E = Time spent auto-exploring this place.
 F = Levels seen in this place.
 G = Mean time per level.
                   A        B        C        D        E       F      G
               +--------+--------+--------+--------+--------+-----+--------+
         Total |   1127 |   1086 |     41 |      0 |    942 |   2 |  563.5 |
       Dungeon |   1127 |   1086 |     41 |      0 |    942 |   2 |  563.5 |
               +--------+--------+--------+--------+--------+-----+--------+

Top non-repeatable levels by time:
     D:1: 648 daAuts
     D:2: 478 daAuts
